 Dungeon Crawl Stone Soup version 0.24-a0-778-g74da537585 (webtiles) character file.

Game seed: 2584523470542175957, levelgen mode: deterministic

12748 Ablot the Thaumaturge (level 11, -3/86 HPs)
             Began as a Gnoll Skald on Oct 7, 2019.
             Was a High Priest of Okawaru.
             Slain by a manticore (7 damage)
             ... on level 13 of the Dungeon.
             The game lasted 00:38:24 (11204 turns).

Ablot the Thaumaturge (Gnoll Skald)                Turns: 11204, Time: 00:38:25

Health: -3/86      AC: 11    Str: 17    XL:     11   Next: 98%
Magic:  0/23       EV: 15    Int: 21    God:    Okawaru [*****.]
Gold:   295        SH:  0    Dex: 14    Spells: 0/26 levels left

rFire    . . .     SeeInvis .   a - +3 trident
rCold    . . .     Gourm    .   (no shield)
rNeg     . . .     Faith    .   p - +4 ring mail {MR+}
rPois    .         Spirit   +   B - +0 helmet
rElec    .         Reflect  .   Q - scarf {Spirit}
rCorr    +         Harm     .   (no gloves)
MR       +....                  (no boots)
Stlth    +++.......             K - amulet of regeneration
HPRegen  0.64/turn              F - ring of resist corrosion
MPRegen  0.18/turn              q - +5 ring of intelligence

@: confusing touch
A: distributed training, fangs 1, strong nose
a: Heroism, Finesse, Renounce Religion


You were on level 13 of the Dungeon.
You worshipped Okawaru.
Okawaru was extremely pleased with you.
You were hungry.

You visited 2 branches of the dungeon, and saw 14 of its levels.
You also visited: Ossuary.

You collected 615 gold pieces.
You spent 320 gold pieces at shops.

Inventory:

Hand Weapons
 a - a +3 trident (weapon)
 N - a +2 whip of electrocution
Missiles
 e - 259 arrows
 i - 323 stones
 l - 96 sling bullets
 r - 2 boomerangs of dispersal (quivered)
 A - 55 bolts
 M - 3 throwing nets
 O - 26 poisoned darts
 S - 4 javelins
Armour
 p - a +4 ring mail of magic resistance (worn)
 B - a +0 helmet (worn)
 Q - a scarf of spirit shield (worn)
Jewellery
 k - an uncursed ring of flight
 q - a +5 ring of intelligence (right hand)
 F - a ring of resist corrosion (left hand)
 J - an uncursed ring of wizardry
 K - an amulet of regeneration (around neck)
Wands
 z - a wand of polymorph (7)
 P - a wand of flame (7)
 R - a wand of acid (21)
Scrolls
 c - 4 scrolls of fog
 g - 2 scrolls of fear
 h - 8 scrolls of remove curse
 j - 5 scrolls of magic mapping
 s - 4 scrolls of teleportation
 x - 3 scrolls of amnesia
 C - a scroll of blinking {unknown}
 G - 2 scrolls of enchant weapon {unknown}
 H - a scroll of summoning {unknown}
 I - a scroll of silence {unknown}
 L - a scroll of immolation {unknown}
Potions
 b - 2 potions of invisibility
 f - a potion of berserk rage
 m - 10 potions of curing
 o - a potion of resistance {unknown}
 t - 4 potions of agility
 u - 2 potions of lignification
 v - a potion of magic
 w - a potion of might {unknown}
 D - a potion of flight {unknown}
 T - a potion of haste {unknown}
Comestibles
 d - 19 rations


   Skills:
 + Level 8.2 Fighting
 + Level 6.7 Short Blades
 + Level 6.7 Long Blades
 + Level 6.7 Axes
 + Level 6.7 Maces & Flails
 + Level 8.2 Polearms
 + Level 6.7 Staves
 + Level 6.7 Slings
 + Level 6.7 Bows
 + Level 6.7 Crossbows
 + Level 6.7 Throwing
 + Level 7.2 Armour
 + Level 8.2 Dodging
 + Level 6.7 Stealth
 + Level 6.7 Shields
 + Level 6.7 Unarmed Combat
 + Level 8.4 Spellcasting
 + Level 5.5 Conjurations
 + Level 5.5 Hexes
 + Level 7.9 Charms
 + Level 5.5 Summonings
 + Level 5.5 Necromancy
 + Level 5.5 Translocations
 + Level 5.5 Transmutations
 + Level 5.5 Fire Magic
 + Level 5.5 Ice Magic
 + Level 5.5 Air Magic
 + Level 5.5 Earth Magic
 + Level 5.5 Poison Magic
 + Level 7.3 Invocations
 + Level 6.7 Evocations


You couldn't memorise any spells.
You knew the following spells:

 Your Spells              Type           Power        Failure   Level  Hunger
a - Infusion              Chrm           ####         1%          1    None
b - Song of Slaying       Chrm           #####...     1%          2    None
c - Shroud of Golubria    Chrm/Tloc      #####.       1%          2    None
d - Regeneration          Chrm/Necr      #####.....   2%          3    None
e - Spectral Weapon       Hex/Chrm       #####...     2%          3    None
f - Confusing Touch       Hex            ####..       1%          1    None
g - Confuse               Hex            ####....     3%          3    None
h - Beastly Appendage     Tmut           ####..       1%          1    None
i - Blink                 Tloc           N/A          1%          2    None
j - Conjure Flame         Conj/Fire      ####....     3%          3    None
k - Mephitic Cloud        Conj/Pois/Air  ####....     3%          3    None
l - Slow                  Hex            ####....     1%          2    None

Your spell library contained the following spells:

 Spells                   Type           Power        Failure   Level  Hunger
 Magic Dart               Conj           ####         1%          1    None
 Summon Small Mammal      Summ           ####         1%          1    None
 Call Imp                 Summ           ####....     1%          2    None
 Sticks to Snakes         Tmut           ####....     1%          2    None
 Call Canine Familiar     Summ           ####....     3%          3    None
 Gell's Gravitas          Tloc           ####......   3%          3    None
 Spider Form              Tmut/Pois      ####......   3%          3    None
 Summon Guardian Golem    Hex/Summ       ####....     3%          3    None
 Ice Form                 Ice/Tmut       ####....     13%         4    ###....
 Petrify                  Tmut/Erth      ####....     13%         4    ###....
 Summon Ice Beast         Ice/Summ       ####....     13%         4    ###....
 Summon Lightning Spire   Summ/Air       ####....     13%         4    ###....
 Blade Hands              Tmut           ####......   34%         5    #####..
 Metabolic Englaciation   Hex/Ice        ####......   34%         5    #####..
 Yara's Violent Unravell  Hex/Tmut       ####......   34%         5    #####..


Dungeon Overview and Level Annotations

Branches:
Dungeon (13/15)            Temple (1/1) D:7            Lair (0/6) D:8
    Orc (0/2) D:11        Ossuary (visited)
 Vaults: D:13-14

Altars:
Ashenzari
Cheibriados
Dithmenos
Elyvilon
Fedhas
Gozag
Hepliaklqana
Kikubaaqudgha
Makhleb
Nemelex Xobeh
Okawaru
Qazlal
Ru
Sif Muna
Trog
Uskayaw
Vehumet
Wu Jian
Xom
Yredelemnul
Zin
The Shining One

Shops:
D:10 *   D:12 (?[%:

Annotations:
D:2 hidden area
D:5 1 exclusion
D:8 2 transporters
D:13 1 runed translucent door, confidenceinterval's ghost, journeyman GnWn


Innate Abilities, Weirdness & Mutations

Your experience applies equally to all skills.
You have very sharp teeth.
Your uncanny sense of smell can sniff out nearby items.


Message History

The manticore closely misses you. The manticore claws you!
* * * LOW HITPOINT WARNING * * *
The manticore claws you but does no damage.
Unknown command.
Magic courses through your body. The manticore bites you!!
* * * LOW HITPOINT WARNING * * *
The manticore claws you but does no damage.
The manticore closely misses you.
Unknown command.
Okay, then.
Casting: Shroud of Golubria (safe; 1% risk of failure)
Confirm with . or Enter, or press ? or * to list all spells.
Aiming: Confuse (safe; 3% risk of failure)
Press: ? - help, Shift-Dir - straight line, f/p - manticore
Aim: a manticore (severely wounded, chance to defeat MR: 43%)
Okay, then.
Casting: Confuse (safe; 3% risk of failure)
Confirm with . or Enter, or press ? or * to list all spells.
Your hands begin to glow red.
The manticore bites you!
You die...

....####.######.###.#
#........ ########.#
#.# #.###.####### #...#
#.###.....# #.#.#
#.##..#.###
######.#.######.#.#...#
..........<[...#.###.##
.......########.#.#.##
######## #H##..##
#.@....# #####......
#...### #...# #...# ##
....# $# #..# ?# }#


You could see a manticore.

Vanquished Creatures
  A centaur warrior (D:13)
  An unseen horror (D:10)
  An ugly thing (D:11)
  A manticore (D:12)
  2 cyclopes
  A hornet (D:8)
  4 hippogriffs
  7 yaks
  A spriggan (D:11)
  A hungry ghost (D:11)
  3 porcupines (D:8)
  5 black bears
  5 sky beasts
  6 ice beasts
  3 orc warriors
  A necrophage (D:9)
  2 eyes of draining
  A phantom (D:8)
  9 ogres
  3 centaurs
  A crocodile (D:10)
  8 bullfrogs
  3 gnoll sergeants
  4 water moccasin zombies (Ossuary)
  9 scorpions
  12 wights
  7 crimson imps
  3 centaur zombies
  A quasit (D:5)
  2 bullfrog zombies
  7 jellies
  A centaur skeleton (D:5)
  2 gnoll shamans
  4 iguanas
  4 orc priests
  6 hounds
  A bullfrog skeleton (D:8)
  13 orc wizards
  7 worker ants
  2 big kobold zombies (Ossuary)
  2 mummies (Ossuary)
  A howler monkey zombie (D:8)
  17 gnolls
  8 adders
  3 shadow imps
  6 adder zombies (Ossuary)
  3 oozes (D:1)
  An adder skeleton (D:9)
  4 worms
  4 dart slugs
  5 leopard geckos
  41 orcs
  10 giant cockroaches
  3 gnoll zombies (Ossuary)
  8 goblins
  6 hobgoblins
  5 jackals (D:1)
  A kobold (D:1)
  3 quokkas
  A ball python (D:2)
  5 bats
  8 frilled lizards
  3 hobgoblin zombies (Ossuary)
  5 kobold zombies (Ossuary)
  7 orc zombies (Ossuary)
  4 rats
319 creatures vanquished.

Vanquished Creatures (others)
  3 fungi (D:8)
  A plant (D:8)
  5 spectral weapons
9 creatures vanquished.

Grand Total: 328 creatures vanquished

Notes
Turn   | Place    | Note
-------+----------+-------------------------------------------
     0 | D:1      | Ablot the Gnoll Skald began the quest for the Orb.
     0 | D:1      | Reached XP level 1. HP: 20/20 MP: 6/6
     3 | D:1      | Found a runed translucent door.
    92 | D:1      | Reached XP level 2. HP: 26/26 MP: 7/7
    99 | D:1      | Learned a level 2 spell: Song of Slaying
   102 | D:1      | Learned a level 2 spell: Shroud of Golubria
   319 | D:1      | Reached XP level 3. HP: 31/31 MP: 9/9
   324 | D:1      | Learned a level 3 spell: Regeneration
   328 | D:1      | Learned a level 3 spell: Spectral Weapon
   507 | D:1      | Reached skill level 5 in Spellcasting
   521 | D:1      | Reached skill level 1 in Invocations
   532 | D:1      | Reached skill level 1 in Short Blades
   532 | D:1      | Reached skill level 1 in Long Blades
   532 | D:1      | Reached skill level 1 in Axes
   532 | D:1      | Reached skill level 1 in Maces & Flails
   532 | D:1      | Reached skill level 1 in Staves
   532 | D:1      | Reached skill level 1 in Slings
   532 | D:1      | Reached skill level 1 in Bows
   532 | D:1      | Reached skill level 1 in Crossbows
   532 | D:1      | Reached skill level 1 in Throwing
   532 | D:1      | Reached skill level 1 in Stealth
   532 | D:1      | Reached skill level 1 in Shields
   532 | D:1      | Reached skill level 1 in Unarmed Combat
   532 | D:1      | Reached skill level 1 in Evocations
   599 | D:2      | Reached XP level 4. HP: 38/38 MP: 4/11
   809 | D:2      | Learned a level 1 spell: Confusing Touch
  1008 | D:2      | Found a hazy altar of Hepliaklqana.
  1008 | D:2      | Found a burning altar of Makhleb.
  1013 | D:2      | Found an iron altar of Okawaru.
  1015 | D:2      | Found a white marble altar of Elyvilon.
  1016 | D:2      | Found a faded altar of an unknown god.
  1019 | D:2      | Became a worshipper of Warmaster Okawaru
  1024 | D:2      | Reached skill level 1 in Conjurations
  1024 | D:2      | Reached skill level 1 in Hexes
  1024 | D:2      | Reached skill level 1 in Summonings
  1024 | D:2      | Reached skill level 1 in Necromancy
  1024 | D:2      | Reached skill level 1 in Translocations
  1024 | D:2      | Reached skill level 1 in Transmutations
  1024 | D:2      | Reached skill level 1 in Fire Magic
  1024 | D:2      | Reached skill level 1 in Ice Magic
  1024 | D:2      | Reached skill level 1 in Air Magic
  1024 | D:2      | Reached skill level 1 in Earth Magic
  1024 | D:2      | Reached skill level 1 in Poison Magic
  1249 | D:3      | Found an iron altar of Okawaru.
  1320 | D:3      | Found a blossoming altar of Fedhas.
  1394 | D:3      | Found a faded altar of an unknown god.
  1479 | D:3      | Reached XP level 5. HP: 43/43 MP: 12/12
  1870 | D:3      | Found an ornate altar of the Wu Jian Council.
  1874 | D:3      | Found a shadowy altar of Dithmenos.
  2130 | D:4      | Found a sand-covered staircase.
  2140 | Ossuary  | Entered an ossuary
  2619 | Ossuary  | Reached XP level 6. HP: 31/50 MP: 0/13
  2657 | Ossuary  | Reached skill level 5 in Fighting
  2657 | Ossuary  | Reached skill level 5 in Polearms
  2657 | Ossuary  | Reached skill level 5 in Dodging
  2898 | Ossuary  | Reached XP level 7. HP: 41/56 MP: 10/15
  2920 | Ossuary  | Reached * piety under Okawaru
  3343 | D:4      | Learned a level 3 spell: Confuse
  3759 | D:5      | Entered Level 5 of the Dungeon
  4027 | D:5      | Reached XP level 8. HP: 15/63 MP: 0/16
  4485 | D:5      | Reached ** piety under Okawaru
  4676 | D:5      | Found an ancient bone altar of Kikubaaqudgha.
  4980 | D:6      | Found a stormy altar of Qazlal.
  5147 | D:6      | Learned a level 1 spell: Beastly Appendage
  5356 | D:6      | You fall into a shaft and drop 1 floor!
  5475 | D:7      | Reached XP level 9. HP: 68/69 MP: 5/18
  5505 | D:7      | Reached *** piety under Okawaru
  5715 | D:7      | Found a staircase to the Ecumenical Temple.
  5725 | Temple   | Entered the Ecumenical Temple
  6344 | D:8      | Reached skill level 5 in Armour
  6363 | D:8      | Noticed a hornet
  6372 | D:8      | Killed a hornet
  6372 | D:8      | Reached **** piety under Okawaru
  6375 | D:8      | Received a gift from Okawaru
  6383 | D:8      | Reached skill level 5 in Invocations
  6446 | D:8      | Reached XP level 10. HP: 67/77 MP: 14/20
  6453 | D:8      | Found a staircase to the Lair.
  6516 | D:8      | Found a glowing golden altar of the Shining One.
  6634 | D:8      | Found a shattered altar of Ashenzari.
  6636 | D:8      | Found a basalt altar of Yredelemnul.
  6636 | D:8      | Found a hide-covered altar of Uskayaw.
  6636 | D:8      | Found a sacrificial altar of Ru.
  6663 | D:8      | Reached skill level 5 in Short Blades
  6663 | D:8      | Reached skill level 5 in Long Blades
  6663 | D:8      | Reached skill level 5 in Axes
  6663 | D:8      | Reached skill level 5 in Maces & Flails
  6663 | D:8      | Reached skill level 5 in Staves
  6663 | D:8      | Reached skill level 5 in Slings
  6663 | D:8      | Reached skill level 5 in Bows
  6663 | D:8      | Reached skill level 5 in Crossbows
  6663 | D:8      | Reached skill level 5 in Throwing
  6663 | D:8      | Reached skill level 5 in Stealth
  6663 | D:8      | Reached skill level 5 in Shields
  6663 | D:8      | Reached skill level 5 in Unarmed Combat
  6663 | D:8      | Reached skill level 5 in Evocations
  6729 | D:8      | Found a transporter.
  6729 | D:8      | Found a transporter.
  6729 | D:8      | Noticed a great orb of eyes
  7221 | D:9      | Reached ***** piety under Okawaru
  7749 | D:9      | Received a gift from Okawaru
  7875 | D:10     | Entered Level 10 of the Dungeon
  7970 | D:10     | Killed an unseen horror
  7970 | D:10     | Received a gift from Okawaru
  7970 | D:10     | Reached XP level 11. HP: 35/83 MP: 0/22
  7973 | D:10     | Got a shimmering ring mail {god gift}
  7984 | D:10     | Identified the +1 ring mail of Apathy {*Corrode rElec rPois
                  | Regen+} (Okawaru gifted it to you on level 10 of the
                  | Dungeon)
  8221 | D:10     | Found Wiptek's General Store.
  8231 | D:10     | Bought a scroll of fog for 26 gold pieces
  8730 | D:11     | Found a staircase to the Orcish Mines.
  8806 | D:11     | Reached skill level 5 in Conjurations
  8806 | D:11     | Reached skill level 5 in Hexes
  8806 | D:11     | Reached skill level 5 in Summonings
  8806 | D:11     | Reached skill level 5 in Necromancy
  8806 | D:11     | Reached skill level 5 in Translocations
  8806 | D:11     | Reached skill level 5 in Transmutations
  8806 | D:11     | Reached skill level 5 in Fire Magic
  8806 | D:11     | Reached skill level 5 in Ice Magic
  8806 | D:11     | Reached skill level 5 in Air Magic
  8806 | D:11     | Reached skill level 5 in Earth Magic
  8806 | D:11     | Reached skill level 5 in Poison Magic
  9281 | D:12     | Noticed a manticore
  9297 | D:12     | Killed a manticore
  9510 | D:12     | Found Raorukk's Magic Scroll Shop.
  9527 | D:12     | Bought a scroll of noise for 14 gold pieces
  9573 | D:12     | Found Xetoit's Book Shop.
  9581 | D:12     | Bought a book of Minor Magic for 280 gold pieces
  9584 | D:12     | Learned a level 2 spell: Blink
  9588 | D:12     | Learned a level 3 spell: Conjure Flame
  9592 | D:12     | Learned a level 3 spell: Mephitic Cloud
  9595 | D:12     | Learned a level 2 spell: Slow
  9712 | D:12     | Found Tiurrah's Food Boutique.
  9796 | D:12     | Found Miumiu's Weapon Shoppe.
  9861 | D:12     | Noticed a cyclops
  9876 | D:12     | Found Giabbed's Antique Armour Boutique.
  9885 | D:12     | Killed a cyclops
  9978 | D:11     | Noticed a cyclops
  9982 | D:11     | Noticed a purple ugly thing
  9992 | D:11     | Killed a purple ugly thing
  9999 | D:11     | Killed a cyclops
 10275 | D:13     | Noticed a centaur warrior
 10290 | D:13     | Noticed a skeletal warrior
 10575 | D:13     | Noticed a skeletal warrior
 10660 | D:13     | Found a runed translucent door.
 10703 | D:13     | Killed a centaur warrior
 10894 | D:13     | Noticed confidenceinterval's ghost (journeyman GnWn)
 10902 | D:13     | Noticed a skeletal warrior
 11086 | D:13     | Noticed a manticore
 11203 | D:13     | HP: 3/86 [manticore (9)]
 11204 | D:13     | Slain by a manticore

Levels and vault maps discovered:
D:1:      dpeg_arrival_caged_fury, layout_rooms
D:2:      minmay_inner_zag, layout_rooms, chequers_temple_overflow_minitemple,
          first_ration
D:3:      layout_loops_corners, minitemple, fedhas_ov_isle_minmay,
          chequers_ecumenical_altar_simple_redux, okawaru_ov_weapons_minmay
D:4:      layout_basic, nicolae_ossuary_entry_monument,
          hangedman_minor_gate_pass
D:5:      layout_basic, basic_altar, minmay_misc_feat_x
D:6:      layout_loops_ring, nicolae_overflow_crystal_walls,
          ebering_ghost_disaster_area
D:7:      layout_basic, minmay_temple_entry_junction_2
D:8:      gammafunk_jiyva_shrine, layout_basic, lemuel_doored_altar,
          grunt_temple_overflow_open, grunt_lair_entry_orc_guard_hut
D:9:      layout_irregular_city
D:10:     layout_roguey, serial_shops, shop
D:11:     minmay_diamond_stairs, layout_irregular_city, orc_0_dummy, the_bakery
D:12:     layout_basic, serial_shops, nicolae_shop_behind_doors, shop,
          shop_statue, nicolae_shop_stone, shop, minmay_misc_feat_rugged
D:13:     layout_loops_ring, ebering_ghost_reflecting_pool, enter_trove_0
Temple:   jpeg_temple_island

Skill      XL: |  1  2  3  4  5  6  7  8  9 10 11 |
---------------+----------------------------------+-----
Spellcasting   | 5 6 7 8 |  8.4
Invocations    | 1 2 3 4 5 6 7 |  7.3
Short Blades   | 1 2 3 4 5 6 |  6.7
Long Blades    | 1 2 3 4 5 6 |  6.7
Axes           | 1 2 3 4 5 6 |  6.7
Maces & Flails | 1 2 3 4 5 6 |  6.7
Staves         | 1 2 3 4 5 6 |  6.7
Slings         | 1 2 3 4 5 6 |  6.7
Bows           | 1 2 3 4 5 6 |  6.7
Crossbows      | 1 2 3 4 5 6 |  6.7
Throwing       | 1 2 3 4 5 6 |  6.7
Stealth        | 1 2 3 4 5 6 |  6.7
Shields        | 1 2 3 4 5 6 |  6.7
Unarmed Combat | 1 2 3 4 5 6 |  6.7
Evocations     | 1 2 3 4 5 6 |  6.7
Conjurations   | 1 2 3 4 5 |  5.5
Hexes          | 1 2 3 4 5 |  5.5
Summonings     | 1 2 3 4 5 |  5.5
Necromancy     | 1 2 3 4 5 |  5.5
Translocations | 1 2 3 4 5 |  5.5
Transmutations | 1 2 3 4 5 |  5.5
Fire Magic     | 1 2 3 4 5 |  5.5
Ice Magic      | 1 2 3 4 5 |  5.5
Air Magic      | 1 2 3 4 5 |  5.5
Earth Magic    | 1 2 3 4 5 |  5.5
Poison Magic   | 1 2 3 4 5 |  5.5
Armour         | 3 4 5 6 7 |  7.2
Fighting       | 5 6 7 8 |  8.2
Polearms       | 5 6 7 8 |  8.2
Dodging        | 5 6 7 8 |  8.2
Charms         | 6 7 |  7.9

Action                   |  1- 3 |  4- 6 |  7- 9 | 10-12 || total
-------------------------+-------+-------+-------+-------++-------
Melee: Spear             |   117 |   274 |   309 |       ||   700
       Bite              |    15 |    26 |    47 |    63 ||   151
       Punch             |       |     1 |     8 |    10 ||    19
       Trident           |       |       |   138 |   531 ||   669
       Kick              |       |       |     4 |    15 ||    19
Throw: Boomerang         |       |       |       |     3 ||     3
 Cast: Infusion          |     2 |     7 |     8 |     7 ||    24
       Shroud of Golubri |     1 |    15 |    31 |    50 ||    97
       Spectral Weapon   |     1 |     5 |    25 |    37 ||    68
       Song of Slaying   |     1 |     3 |     6 |     9 ||    19
       Regeneration      |       |     4 |    11 |    10 ||    25
       Beastly Appendage |       |       |     4 |    16 ||    20
       Confuse           |       |       |       |     4 ||     4
       Confusing Touch   |       |       |       |     2 ||     2
       Slow              |       |       |       |     1 ||     1
  Use: Scroll            |       |     4 |     3 |    12 ||    19
       Potion            |       |       |       |     2 ||     2
 Stab: Sleeping          |     2 |     2 |     5 |    13 ||    22
       Distracted        |       |     1 |     2 |     4 ||     7
  Eat: Chunk             |       |     5 |     9 |    17 ||    31
       Ration            |       |     1 |     1 |       ||     2
Armor: Leather armour    |    24 |     6 |       |       ||    30
       Ring mail         |       |    60 |   134 |   134 ||   328
Dodge: Dodged            |    66 |   116 |   204 |   240 ||   626

Table legend:
 A = Non-vault XP
 B = Vault XP
 C = Vault XP percentage of total XP
 D = Non-vault monster count
 E = Vault monster count
 F = Vault count percentage of total count
                 A         B        C        D         E       F
            +---------+---------+-------+---------+---------+-------
      Total |   15356 |    2856 |  15.7 |     254 |      65 |  20.4
            +---------+---------+-------+---------+---------+-------
        D:1 |      38 |      40 |  51.3 |      16 |      14 |  46.7
        D:2 |      49 |       7 |  12.5 |      16 |       5 |  23.8
        D:3 |      57 |       0 |   0.0 |      12 |       0 |   0.0
        D:4 |      95 |      56 |  37.1 |       9 |       4 |  30.8
        D:5 |     887 |       0 |   0.0 |      20 |       0 |   0.0
        D:6 |     402 |       0 |   0.0 |      12 |       0 |   0.0
        D:7 |     792 |       0 |   0.0 |      18 |       0 |   0.0
        D:8 |    3120 |     644 |  17.1 |      48 |       5 |   9.4
        D:9 |    2220 |       0 |   0.0 |      35 |       0 |   0.0
       D:10 |    1543 |       0 |   0.0 |      10 |       0 |   0.0
       D:11 |    1227 |    1653 |  57.4 |      21 |       5 |  19.2
       D:12 |    1655 |       0 |   0.0 |       8 |       0 |   0.0
       D:13 |    3271 |       0 |   0.0 |      29 |       0 |   0.0
    Ossuary |       0 |     456 | 100.0 |       0 |      32 | 100.0
            +---------+---------+-------+---------+---------+-------
